AoeStats
← ME_DEPRIME_JUGAR_CON_USTEDES

African Clearing

506782154Analyzed
4v4 RM · 17d ago on Sep 15, 2026· 44m 47s· 8 players
Game mode
Random Map
Map size
Large (8 player)
Population
200
Speed
Normal
Resources
Standard
Victory
Conquest
Starting age
Dark Age
Ending age
Imperial Age
RankedLock teamsTeams togetherTeam positionsShared explorationLock speedFull tech treeHidden civsTurbo modeCheats
Victory
Defeat
🇨🇳 Turks · China
1429
+14
🇫🇷 Jurchens · France
1399
+15
🇺🇸 Vietnamese · United States
1381
+16
🇧🇷 Spanish · Brazil
1332
+18
1528
-22
🇦🇷 Vietnamese · Argentina
1361
-15
🇦🇷 Spanish · Argentina
1319
-13
🇦🇷 Huns · Argentina
1317
-13
93老玩家回归
10:24 Loom
13:30 Feudal Age
18:37 Castle Age
18:46 Bloodlines
23:28 Husbandry
26:41 Wheelbarrow
32:11 Treadmill Crane
32:39 Gold Mining
37:05 Imperial Age
35:33 Hand Cart
35:04 Town Watch
36:05 Ballistics
36:35 Gold Shaft Mining
35:51 Stone Mining
37:02 Double-Bit Axe
37:32 Scale Barding Armor
37:38 Forging
37:30 Padded Archer Armor
37:21 Fletching
38:22 Conscription
39:45 Heavy Camel Rider
41:51 Elite Janissary
42:32 Artillery
43:53 Bombard Tower
43:43 Masonry
45:16 Leather Archer Armor
45:22 Chain Barding Armor
45:38 Iron Casting
44:58 Bodkin Arrow
45:30 Bow Saw
45:01 Horse Collar
The REAL Pepsiman
14:34 Feudal Age
18:46 Castle Age
16:51 Double-Bit Axe
18:40 Forging
28:45 Bloodlines
38:00 Iron Casting
39:35 Husbandry
42:07 Scale Barding Armor
45:05 Wheelbarrow
Dance with Ghost
12:36 Feudal Age
13:45 Man-at-Arms
14:59 Arson
16:00 Double-Bit Axe
16:54 Loom
16:50 Horse Collar
20:47 Wheelbarrow
25:45 Castle Age
24:06 Stone Mining
24:16 Gold Mining
26:51 Bow Saw
27:35 Fletching
31:04 Bloodlines
37:27 Husbandry
40:04 Padded Archer Armor
41:23 Bodkin Arrow
Fs.Caboclo
5:06 Loom
14:46 Feudal Age
18:42 Castle Age
16:39 Double-Bit Axe
21:23 Bow Saw
23:44 Fletching
25:21 Bodkin Arrow
32:39 Horse Collar
33:24 Pikeman
34:45 Forging
34:36 Scale Mail Armor
37:42 Iron Casting
40:20 Chain Mail Armor
menos que Corky
12:20 Feudal Age
14:24 Bloodlines
16:10 Scale Barding Armor
22:06 Castle Age
21:27 Forging
23:20 Bloodlines
23:58 Chain Barding Armor
25:13 Iron Casting
39:46 Imperial Age
37:03 Loom
39:12 Horse Collar
39:19 Double-Bit Axe
43:10 Plate Barding Armor
42:42 Cavalier
350 pero pregriloso
5:07 Loom
14:14 Feudal Age
17:48 Double-Bit Axe
26:57 Castle Age
34:07 Fletching
34:06 Horse Collar
42:35 Padded Archer Armor
Nikems
3:44 Loom
11:48 Feudal Age
12:48 Double-Bit Axe
ME_DEPRIME_JUGAR_CON_USTEDES
13:12 Feudal Age
12:27 Double-Bit Axe
14:15 Gold Mining
14:08 Horse Collar
14:36 Loom
19:53 Castle Age
18:18 Scale Barding Armor
18:52 Gold Shaft Mining
18:29 Bow Saw
21:16 Chain Barding Armor
26:39 Forging
27:57 Iron Casting
29:07 Wheelbarrow
29:27 Husbandry
29:26 Cavalier
32:27 Town Watch
37:25 Man-at-Arms
38:06 Squires
38:07 Horse Collar
39:04 Fletching
41:55 Imperial Age
39:48 Hand Cart
39:42 Bodkin Arrow
41:39 Padded Archer Armor
43:06 Conscription
43:23 Bracer
Connection lost

Rejoining the realm…

Still unreachable

The connection could not be restored.

Session expired

The server has moved on; the page needs a fresh start.